 Dungeon Crawl Stone Soup version 0.24.0-125-gc4c63601f3 (webtiles) character file.

Game seed: 18114259755935033158, levelgen mode: deterministic

20954 Johnny the Geomancer (level 12, -9/83 HPs)
             Began as a Demigod Earth Elementalist on Mar 9, 2020.
             Mangled by an orc warrior
             ... wielding a +0 flail
              (19 damage)
             ... on level 12 of the Dungeon.
             The game lasted 00:16:37 (11783 turns).

Johnny the Geomancer (Demigod Earth Elementalist)  Turns: 11783, Time: 00:16:38

Health: -9/83      AC: 11    Str: 11    XL:     12   Next: 20%
Magic:  27/42      EV: 12    Int: 27    God:
Gold:   723        SH:  0    Dex: 16    Spells: 22/35 levels left

rFire    . . .     SeeInvis .   f - +5 spear (venom)
rCold    + . .     Gourm    .   (no shield)
rNeg     . . .     Faith    .   M - +0 troll leather armour
rPois    .         Spirit   .   (no helmet)
rElec    .         Reflect  .   C - +0 cloak
rCorr    .         Harm     .   J - +2 pair of gloves
MR       +....                  k - +1 pair of boots
Stlth    +++.......             m - amulet of rage
HPRegen  0.63/turn              i - ring of Taqaxol {rC+ MP+9}
MPRegen  0.28/turn              E - ring of stealth

@: no status effects
A: rugged brown scales 1, thin skeletal structure 1, clumsy 1, high mp 1
a: Evoke Berserk Rage


You were on level 12 of the Dungeon.
You were not hungry.

You visited 1 branch of the dungeon, and saw 12 of its levels.
You also visited: Ice Cave.

You collected 723 gold pieces.

Inventory:

Hand Weapons
 f - a +5 spear of venom (weapon)
Missiles
 b - 146 stones (quivered)
 g - 4 throwing nets
Armour
 k - a +1 pair of boots (worn)
 u - the +1 robe of the Evening Star {Str+3 Slay+3}
   (You found it on level 4 of the Dungeon)

   It affects your strength (+3).
   It affects your accuracy and damage with ranged weapons and melee attacks
   (+3).
 C - a +0 cloak (worn)
 J - a +2 pair of gloves (worn)
 M - a +0 troll leather armour (worn)
Jewellery
 i - the ring of Taqaxol (left hand) {rC+ MP+9}
   (You found it on level 5 of the Dungeon)

   [ring of protection from cold]

   It protects you from cold.
   It affects your magic capacity (+9).
 m - an amulet of rage (around neck)
 x - an uncursed ring of fire
 E - a ring of stealth (right hand)
 K - an uncursed amulet of the acrobat {unknown}
 O - a +2 ring of dexterity {unknown}
Wands
 p - a wand of iceblast (4)
 y - a wand of polymorph (7)
 F - a wand of flame (17)
 G - a wand of digging (2)
 L - a wand of clouds (5)
Scrolls
 a - 2 scrolls of amnesia
 e - 3 scrolls of teleportation
 n - 4 scrolls of immolation
 v - 2 scrolls of fog
 w - a scroll of torment
 z - 3 scrolls of remove curse
 P - 2 scrolls of identify
 Q - a scroll of blinking {unknown}
Potions
 c - 2 potions of haste
 h - a potion of lignification {unknown}
 j - 4 potions of mutation
 l - 2 potions of ambrosia {unknown}
 o - 2 potions of might {unknown}
 q - 3 potions of curing
 r - 3 potions of brilliance {unknown}
 s - a potion of invisibility {unknown}
 t - a potion of resistance {unknown}
 A - 2 potions of cancellation {unknown}
 B - 2 potions of heal wounds {unknown}
 D - 3 potions of degeneration {unknown}
 H - 3 potions of flight
 I - a potion of magic {unknown}
Comestibles
 d - 16 rations


   Skills:
 - Level 1.7 Dodging
 - Level 1.7 Stealth
 + Level 12.4 Spellcasting
 - Level 0.8 Transmutations
 + Level 13.5 Earth Magic


You had 22 spell levels left.
You knew the following spells:

 Your Spells              Type           Power        Failure   Level  Hunger
a - Sandblast             Erth           ######       1%          1    None
b - Stone Arrow           Conj/Erth      ######       1%          3    None
c - Lee's Rapid Deconstr  Erth           ######....   1%          5    ###....
d - Petrify               Tmut/Erth      ######..     2%          4    None

Your spell library contained the following spells:

 Spells                   Type           Power        Failure   Level  Hunger
 Passwall                 Tmut/Erth      ######..     1%          2    None


Dungeon Overview and Level Annotations

Branches:
Dungeon (12/15)            Temple (0/1) D:7            Lair (0/6) D:10
    Orc (0/2) D:12          IceCv (visited)


Innate Abilities, Weirdness & Mutations

You have an increased reservoir of magic. (+10% MP)
You are partially covered in rugged brown scales. (AC +1, +3% HP)
You have a somewhat thin skeletal structure. (Dex +2, Stealth)
You are clumsy. (Dex -2)


Message History

The blast of rock fragments hits the orc warrior!
The orc warrior is heavily wounded.
The blast of rock fragments hits the orc warrior.
The orc warrior is severely wounded.
The orc warrior hits you with a +0 flail!
* * * LOW HITPOINT WARNING * * *
Casting: Lee's Rapid Deconstruction (safe; 1% risk of failure)
Confirm with . or Enter, or press ? or * to list all spells.
Aiming: Lee's Rapid Deconstruction (safe; 1% risk of failure)
Press: ? - help, Dir - move target cursor An orcish idol.
The stone idol shatters!
The blast of rock fragments hits the orc!!
You kill the orc!
The blast of rock fragments hits the orc warrior but does no damage.
The orc warrior is severely wounded.
The orc warrior hits you with a +0 dire flail!
* * * LOW HITPOINT WARNING * * *
The orc warrior hits you with a +0 flail!!
You die...

'..†............#....#...........
#######....##..####..##.###'#####
....##.........####..##.#........
......................)..........
.≈≈≈≈≈≈≈≈≈≈≈≈≈≈≈≈≈≈≈≈≈≈≈≈≈≈8.....
.≈≈≈≈≈≈≈≈≈≈≈≈≈≈≈≈≈≈≈≈≈≈≈≈≈8≈.....
.≈≈#####################'.≈≈.....
.≈≈#.≈.........o........#.≈≈.....
.≈≈###.......))o@.......##≈≈)....
.≈≈#>.........8...........)......
.≈≈###.................)##≈≈.....
.≈≈#o≈................))#)≈≈.....
.≈≈#####################))≈≈)####
.≈≈≈≈≈≈≈≈≈≈≈≈≈≈≈≈≈≈≈≈≈≈≈≈≈8≈.#
.≈≈≈≈≈≈≈≈≈≈≈≈≈≈≈≈≈≈≈≈≈≈≈≈≈≈8.#
.........................)...#
....######.#####..######(#####


You could see 2 orc warriors.

Vanquished Creatures
  Rupert (D:12)
  A hydra (D:11)
  The ghost of Johnny the Geomancer, a novice DgEE (D:10)
  A two-headed ogre (D:9)
  2 unseen horrors
  2 manticores (D:12)
  A deep elf mage (D:12)
  6 ugly things
  A cyclops (D:12)
  2 ice statues (IceCv)
  A spectral centaur (D:10)
  A kobold demonologist (D:12)
  A polar bear (D:12)
  A troll (D:12)
  A wolf spider simulacrum (D:10)
  5 hippogriffs (D:12)
  A vampire (D:11)
  A spriggan (D:9)
  2 wyverns
  A steam dragon (D:10)
  9 yaks (D:10)
  Eustachio (D:4)
  10 ice beasts
  2 phantoms
  A sky beast (D:12)
  A black bear (D:9)
  9 orc warriors
  8 ogres
  2 wolves (D:12)
  6 centaurs
  A crocodile (D:10)
  3 big kobolds
  8 bullfrogs
  A wyvern zombie (D:12)
  5 scorpions
  4 killer bees (D:10)
  A jelly (D:9)
  A spectral bullfrog (D:10)
  A howler monkey (D:6)
  5 crimson imps
  7 electric eels (D:12)
  A bullfrog zombie (D:8)
  2 quasits
  A wyvern simulacrum (D:10)
  8 orc priests
  4 hounds
  A bullfrog skeleton (D:5)
  2 centaur skeletons
  3 iguanas
  12 orc wizards
  7 worker ants
  2 centaur simulacra (D:10)
  2 hound skeletons
  A worker ant zombie (D:5)
  A howler monkey skeleton (D:4)
  9 gnolls
  10 adders
  A shadow imp (D:12)
  2 white imps (D:12)
  2 adder zombies
  An ooze (D:6)
  3 worms
  2 dart slugs (D:1)
  6 leopard geckos
  47 orcs
  A ball python (D:5)
  5 bats
  7 giant cockroaches
  5 hobgoblins
  17 jackals
  8 quokkas
  8 frilled lizards
  A giant cockroach zombie (D:5)
  7 goblins
  A jackal skeleton (D:5)
  A jackal zombie (D:5)
  21 kobolds
  A leopard gecko zombie (D:7)
  8 rats
340 creatures vanquished.

Vanquished Creatures (others)
  An ufetubus (D:12)
1 creature vanquished.

Grand Total: 341 creatures vanquished

Notes
Turn   | Place    | Note
-------+----------+-------------------------------------------
     0 | D:1      | Johnny the Demigod Earth Elementalist began the quest for
                  | the Orb.
     0 | D:1      | Reached XP level 1. HP: 14/14 MP: 5/5
   193 | D:1      | Reached skill level 3 in Earth Magic
   319 | D:1      | Reached XP level 2. HP: 18/20 MP: 3/7
  1095 | D:2      | Reached XP level 3. HP: 20/26 MP: 4/9
  1702 | D:2      | Reached XP level 4. HP: 14/33 MP: 6/11
  1703 | D:2      | HP: 1/33 [gnoll/cursed -1 spear (4)]
  2031 | D:2      | Reached skill level 4 in Earth Magic
  2319 | D:3      | Reached XP level 5. HP: 33/38 MP: 10/13
  2349 | D:3      | Learned a level 3 spell: Stone Arrow
  2355 | D:3      | Learned a level 5 spell: Lee's Rapid Deconstruction
  2488 | D:3      | Found a burning altar of Makhleb.
  2755 | D:4      | Noticed Eustachio
  2759 | D:4      | Reached XP level 6. HP: 37/45 MP: 15/15
  2767 | D:4      | Killed Eustachio
  2767 | D:4      | Reached skill level 5 in Earth Magic
  2819 | D:4      | Found a sparkling altar of Nemelex Xobeh.
  3224 | D:4      | Reached XP level 7. HP: 33/50 MP: 12/17
  3226 | D:4      | Reached skill level 5 in Spellcasting
  3658 | D:4      | Got a shimmering robe
  3673 | D:4      | Identified the +1 robe of the Evening Star {Str+3 Slay+3}
                  | (You found it on level 4 of the Dungeon)
  3726 | D:5      | Entered Level 5 of the Dungeon
  3762 | D:5      | Reached skill level 6 in Earth Magic
  3862 | D:5      | Got a translucent platinum ring
  4089 | D:5      | Identified the ring of Taqaxol {rC+ MP+9} (You found it on
                  | level 5 of the Dungeon)
  4576 | D:6      | Reached XP level 8. HP: 47/57 MP: 19/20
  4651 | D:6      | Reached skill level 7 in Earth Magic
  4939 | D:6      | Got an encrusted ring mail
  4954 | D:6      | Got a jasper-encrusted scale mail
  4975 | D:6      | Identified the +1 ring mail of Ennui {rCorr} (You found it
                  | on level 6 of the Dungeon)
  4985 | D:6      | Identified the +6 scale mail of Juhu {rF+ Int-2 Dex+2
                  | Stlth+} (You found it on level 6 of the Dungeon)
  5275 | D:7      | Found a staircase to the Ecumenical Temple.
  5481 | D:7      | Found a sparkling altar of Nemelex Xobeh.
  5559 | D:7      | Reached skill level 8 in Earth Magic
  5870 | D:8      | Found a basalt altar of Yredelemnul.
  6009 | D:8      | Found a sparkling altar of Nemelex Xobeh.
  6010 | D:8      | Found an opulent altar of Gozag.
  6078 | D:8      | Reached XP level 9. HP: 6/62 MP: 16/24
  6412 | D:8      | Found an ornate altar of the Wu Jian Council.
  6850 | D:9      | Reached skill level 9 in Earth Magic
  6852 | D:9      | Noticed a two-headed ogre
  6857 | D:9      | Killed a two-headed ogre
  6946 | D:9      | Found a glowing silver altar of Zin.
  7318 | D:10     | Entered Level 10 of the Dungeon
  7424 | D:10     | Reached skill level 10 in Earth Magic
  7453 | D:10     | Reached XP level 10. HP: 35/69 MP: 20/27
  7580 | D:10     | Found a staircase to the Lair.
  8121 | D:10     | Found a runed translucent gate.
  8127 | D:10     | Found a runed translucent gate.
  8127 | D:10     | Found a runed translucent gate.
  8129 | D:10     | Noticed Johnny's ghost (novice DgEE)
  8494 | D:10     | Reached skill level 10 in Spellcasting
  8494 | D:10     | Reached skill level 11 in Earth Magic
  8823 | D:10     | Killed Johnny's ghost
  9056 | D:11     | Noticed a green ugly thing
  9063 | D:11     | Killed a green ugly thing
  9244 | D:11     | Learned a level 4 spell: Petrify
  9376 | D:11     | Reached XP level 11. HP: 32/74 MP: 28/30
  9376 | D:11     | Killed an unseen horror
  9577 | D:11     | Noticed a seven-headed hydra
  9586 | D:11     | Killed a seven-headed hydra
  9828 | D:12     | Noticed a two-headed ogre
  9871 | D:12     | Reached skill level 12 in Earth Magic
 10025 | D:12     | Found a frozen archway.
 10032 | IceCv    | Entered an ice cave
 10057 | IceCv    | Found a transporter.
 10155 | IceCv    | Found a transporter.
 10439 | D:12     | Killed an unseen horror
 10549 | D:12     | Noticed Rupert
 10572 | D:12     | Killed Rupert
 10572 | D:12     | Reached skill level 13 in Earth Magic
 10783 | D:12     | Reached XP level 12. HP: 64/81 MP: 7/32
 11127 | D:12     | Gained mutation: You have a somewhat thin skeletal
                  | structure. (Dex +2, Stealth) [potion of mutation]
 11127 | D:12     | Gained mutation: You are clumsy. (Dex -2) [potion of
                  | mutation]
 11127 | D:12     | Gained mutation: You are partially covered in rugged brown
                  | scales. (AC +1, +3% HP) [potion of mutation]
 11770 | D:12     | Found a staircase to the Orcish Mines.
 11783 | D:12     | Mangled by an orc warrior

Levels and vault maps discovered:
D:1:      lemuel_arrival_funnel, layout_basic
D:2:      layout_rooms, minivault_23, small_statue_intersection
D:3:      layout_basic, minmay_misc_feat_diagonals, bloody_makhleb
D:4:      kennysheep_spiral_hall, layout_loops_ring, first_ration,
          nemelex_lonely_heart_becter, uniq_eustachio
D:5:      layout_loops_ring
D:6:      layout_cave_pools
D:7:      layout_loops_cross, minmay_temple_entry_poolview, basic_altar
D:8:      layout_rooms, grunt_temple_overflow_opulence, kennysheep_mini_moat,
          nicolae_overflow_hidden_temple, minmay_misc_feat_enclosed
D:9:      layout_roguey, zin_academy, serial_corexii_hall,
          corexii_hall_statues_x, chequers_hall_statues_corner_a, the_bakery
D:10:     layout_basic, lair_entry_dummy, gammafunk_ghost_necromancy
D:11:     layout_long_grid
D:12:     layout_stronghold, erik_orc_2, serial_ice, serial_ice_l, serial_ice_g,
          serial_ice_o, serial_ice_m, serial_ice_f, serial_ice_d,
          portal_ice_cave_entry_pillars_2, minmay_crystal_room, uniq_rupert

Skill      XL: |  1  2  3  4  5  6  7  8  9 10 11 |
---------------+----------------------------------+-----
Spellcasting   | 2 3 4 6 7 9 10 12 | 12.4
Earth Magic    | 3 4 5 6 8 10 11 13 | 13.5
Dodging        | |  1.7
Stealth        | |  1.7
Transmutations | |  0.8

Action                   |  1- 3 |  4- 6 |  7- 9 | 10-12 || total
-------------------------+-------+-------+-------+-------++-------
Melee: Unarmed           |    63 |       |       |       ||    63
       Spear             |    29 |   134 |   235 |   179 ||   577
Throw: Stone             |     1 |       |       |     1 ||     2
 Cast: Sandblast         |    36 |    36 |    44 |    65 ||   181
       Lee's Rapid Decon |       |       |    17 |   100 ||   117
       Stone Arrow       |       |       |     1 |    13 ||    14
       Petrify           |       |       |       |    10 ||    10
Evoke: Wand              |       |       |     3 |     8 ||    11
  Use: Scroll            |       |       |    10 |     5 ||    15
       Potion            |       |       |       |     4 ||     4
 Stab: Sleeping          |     4 |     6 |    16 |     3 ||    29
       Distracted        |       |       |     1 |     1 ||     2
       Petrified         |       |       |       |     9 ||     9
       Confused          |       |       |       |     5 ||     5
       Petrifying        |       |       |       |     1 ||     1
  Eat: Chunk             |     2 |     2 |    14 |    19 ||    37
       Ration            |       |     1 |     1 |     2 ||     4
Armor: Robe              |    32 |    41 |    79 |    33 ||   185
       Leather armour    |       |     3 |     1 |       ||     4
       Troll leather arm |       |       |       |    63 ||    63
Dodge: Dodged            |    68 |    99 |   145 |   161 ||   473
